 Dungeon Crawl Stone Soup version 0.27.1-3-gb3d3a73c9e (webtiles) character file.

Game seed: 14862378711867107747

138 Urokeeper the Quickloader (level 5, -3/43 HPs)
             Began as a Gnoll Hunter on Oct 13, 2021.
             Slain by a gnoll (6 damage)
             ... on level 3 of the Dungeon.
             The game lasted 00:06:59 (2209 turns).

Urokeeper the Quickloader (Gnoll Hunter)            Turns: 2209, Time: 00:07:00

Health: -3/43      AC:  7    Str: 11    XL:     5   Next: 21%
Magic:  7/7        EV: 11    Int: 11    God:
Gold:   80         SH:  0    Dex: 13    Spells: 6/6 levels left

rFire    . . .     SeeInvis .   d - +0 spear (vorpal)
rCold    . . .     Faith    .   (no shield)
rNeg     . . .     Spirit   .   v - +0 ring mail
rPois    .         Reflect  .   (no helmet)
rElec    .         Harm     .   p - +0 cloak
rCorr    .         Rampage  .   (no gloves)
Will     .....                  l - +0 pair of boots
Stlth    +.........             (no amulet)
HPRegen  0.14/turn              (no ring)
MPRegen  0.10/turn              (no ring)

@: no status effects
A: fangs 1, strong nose, distributed training
a: no special abilities


You were on level 3 of the Dungeon.
You visited 1 branch of the dungeon, and saw 3 of its levels.

You collected 80 gold pieces.

Inventory:

Hand Weapons
 a - a +1 hand crossbow
 b - a +0 short sword
 d - a +0 vorpal spear (weapon)
 q - a +0 hunting sling
Missiles
 h - 5 boomerangs (quivered)
 k - 20 arrows
 r - 102 stones
 t - 9 bolts
Armour
 c - a +0 leather armour
 l - a +0 pair of boots (worn)
 p - a +0 cloak (worn)
 v - a +0 ring mail (worn)
Scrolls
 f - a scroll of magic mapping {unknown}
 g - a scroll of enchant weapon {unknown}
 i - a scroll of identify {unknown}
 j - a scroll of fear {unknown}
 s - a scroll of torment {unknown}
Potions
 e - 3 potions of curing {unknown}
 m - a potion of lignification {unknown}
 n - 2 potions of brilliance {unknown}
 o - a potion of magic {unknown}
 u - a potion of berserk rage {unknown}


   Skills:
 + Level 4.7 Fighting
 + Level 1.4 Short Blades
 + Level 1.4 Long Blades
 + Level 1.4 Axes
 + Level 1.4 Maces & Flails
 + Level 1.4 Polearms
 + Level 1.4 Staves
 + Level 1.4 Slings
 + Level 1.4 Bows
 + Level 8.6 Crossbows
 + Level 1.4 Throwing
 + Level 1.4 Armour
 + Level 4.7 Dodging
 + Level 2.7 Stealth
 + Level 1.4 Shields
 + Level 1.4 Unarmed Combat
 + Level 1.4 Spellcasting
 + Level 1.1 Conjurations
 + Level 1.1 Hexes
 + Level 1.1 Summonings
 + Level 1.1 Necromancy
 + Level 1.1 Translocations
 + Level 1.1 Transmutations
 + Level 1.1 Fire Magic
 + Level 1.1 Ice Magic
 + Level 1.1 Air Magic
 + Level 1.1 Earth Magic
 + Level 1.1 Poison Magic
 + Level 1.5 Invocations
 + Level 1.4 Evocations


You had 6 spell levels left.
You didn't know any spells.
Your spell library contained the following spells:

 Spells                   Type           Power      Damage    Failure   Level
 Pain                     Necr           12%        1d4       43%         1
 Sublimation of Blood     Necr           1%         N/A       56%         2
 Wereblood                Tmut           3%         N/A       56%         2
 Agony                    Necr           3%         N/A       100%        5
 Excruciating Wounds      Necr           1%         N/A       100%        5
 Summon Hydra             Summ           1%         N/A       100%        7


Dungeon Overview and Level Annotations

Branches:
Dungeon (3/15)

Altars:


Innate Abilities, Weirdness & Mutations

You have very sharp teeth.
Your uncanny sense of smell can sniff out nearby items.
Your experience applies equally to all skills.


Message History

There is a stone staircase leading up here.
The gnoll hits you from afar with a +2 vampiric spear!
* * * LOW HITPOINT WARNING * * *
You climb upwards.
There is a stone staircase leading down here.
You start resting.
HP restored.
You climb downwards.
There is a stone staircase leading up here.
The gnoll barely misses you.
The gnoll hits you from afar with a +0 halberd!
You hit the gnoll.
The gnoll is lightly wounded.
The gnoll hits you with a +2 vampiric spear.
The gnoll draws strength from your wounds!
The gnoll hits you from afar with a +0 halberd.
You hit the gnoll but do no damage.
The gnoll is lightly wounded.
The gnoll misses you. The gnoll barely misses you.
You barely miss the gnoll.
The gnoll is lightly wounded.
The gnoll hits you with a +2 vampiric spear.
The gnoll draws strength from your wounds!
The gnoll closely misses you.
You closely miss the gnoll. The gnoll barely misses you.
The gnoll hits you from afar with a +0 halberd!
You hit the gnoll.
The gnoll is severely wounded.
The gnoll barely misses you.
The gnoll hits you from afar with a +0 halberd.
* * * LOW HITPOINT WARNING * * *
The gnoll hits you from afar with a +2 vampiric spear.
* * * LOW HITPOINT WARNING * * *
The gnoll draws strength from your wounds!
The gnoll barely misses you.
There is a stone staircase leading up here.
The gnoll hits you from afar with a +2 vampiric spear.
* * * LOW HITPOINT WARNING * * *
The gnoll hits you from afar with a +0 halberd.
You die...

#### # ########## ....#
#.##........# .##.##
##....@.g....# ..#..#
..............# .....
#####....g....# ...##.
#...##.####
.........#####......#####
...#.............##.....##
..............>..##.###g.#
...........###...##.####.#
.............#...##....#g######


You could see 2 gnolls.

Vanquished Creatures
  5 adders
  3 gnolls
  3 dart slugs
  An orc (D:3)
  5 ball pythons
  6 bats
  5 endoplasms
  4 giant cockroaches (D:1)
  4 hobgoblins
  3 jackals (D:1)
  2 quokkas
  4 frilled lizards
  5 goblins
  3 kobolds (D:1)
  6 rats
  A spectral kobold (D:2)
60 creatures vanquished.

Notes
Turn   | Place    | Note
-------+----------+-------------------------------------------
     0 | D:1      | Urokeeper the Gnoll Hunter began the quest for the Orb.
     0 | D:1      | Reached XP level 1. HP: 20/20 MP: 1/1
    73 | D:1      | Reached XP level 2. HP: 26/26 MP: 2/2
   446 | D:1      | Reached XP level 3. HP: 29/31 MP: 2/4
   507 | D:1      | Reached skill level 1 in Invocations
   766 | D:2      | Found a faded altar of an unknown god.
   796 | D:2      | Reached skill level 1 in Short Blades
   796 | D:2      | Reached skill level 1 in Long Blades
   796 | D:2      | Reached skill level 1 in Axes
   796 | D:2      | Reached skill level 1 in Maces & Flails
   796 | D:2      | Reached skill level 1 in Polearms
   796 | D:2      | Reached skill level 1 in Staves
   796 | D:2      | Reached skill level 1 in Slings
   796 | D:2      | Reached skill level 1 in Bows
   796 | D:2      | Reached skill level 1 in Throwing
   796 | D:2      | Reached skill level 1 in Armour
   796 | D:2      | Reached skill level 1 in Shields
   796 | D:2      | Reached skill level 1 in Unarmed Combat
   796 | D:2      | Reached skill level 1 in Spellcasting
   796 | D:2      | Reached skill level 1 in Evocations
   796 | D:2      | Reached XP level 4. HP: 38/38 MP: 5/5
  1244 | D:2      | Reached skill level 1 in Conjurations
  1244 | D:2      | Reached skill level 1 in Hexes
  1244 | D:2      | Reached skill level 1 in Summonings
  1244 | D:2      | Reached skill level 1 in Necromancy
  1244 | D:2      | Reached skill level 1 in Translocations
  1244 | D:2      | Reached skill level 1 in Transmutations
  1244 | D:2      | Reached skill level 1 in Fire Magic
  1244 | D:2      | Reached skill level 1 in Ice Magic
  1244 | D:2      | Reached skill level 1 in Air Magic
  1244 | D:2      | Reached skill level 1 in Earth Magic
  1244 | D:2      | Reached skill level 1 in Poison Magic
  1720 | D:2      | Reached XP level 5. HP: 38/43 MP: 6/6
  2209 | D:3      | Slain by a gnoll

Illustrated notes

Levels and vault maps discovered:
D:1:      tarquinn_simple_flora_water_c, layout_rooms, serial_forest,
          infiniplex_forest_pool, infiniplex_forest_clump_small,
          infiniplex_forest_end_1, infiniplex_forest_lined_room_3,
          infiniplex_forest_clump_C, infiniplex_forest_lined_1,
          infiniplex_forest_straight_3, st_stairs_2
D:2:      layout_rooms, dreamdust_ecumenical_altar_drowned_temple,
          minmay_indecisive_spiral
D:3:      layout_rooms, lemuel_flame_loot_1, uniq_crazy_yiuf_cottage

Skill      XL: |  1  2  3  4 |
---------------+-------------+-----
Invocations    | 1 |  1.5
Short Blades   | 1 |  1.4
Long Blades    | 1 |  1.4
Axes           | 1 |  1.4
Maces & Flails | 1 |  1.4
Polearms       | 1 |  1.4
Staves         | 1 |  1.4
Slings         | 1 |  1.4
Bows           | 1 |  1.4
Throwing       | 1 |  1.4
Armour         | 1 |  1.4
Shields        | 1 |  1.4
Unarmed Combat | 1 |  1.4
Spellcasting   | 1 |  1.4
Evocations     | 1 |  1.4
Conjurations   | 1 |  1.1
Hexes          | 1 |  1.1
Summonings     | 1 |  1.1
Necromancy     | 1 |  1.1
Translocations | 1 |  1.1
Transmutations | 1 |  1.1
Fire Magic     | 1 |  1.1
Ice Magic      | 1 |  1.1
Air Magic      | 1 |  1.1
Earth Magic    | 1 |  1.1
Poison Magic   | 1 |  1.1
Fighting       | |  4.7
Crossbows      | |  8.6
Dodging        | |  4.7
Stealth        | |  2.7

Action                   |  1- 3 |  4- 6 || total
-------------------------+-------+-------++-------
Melee: Spear             |       |    44 ||    44
       Bite              |       |     1 ||     1
 Fire: Hand crossbow     |    72 |    48 ||   120
       Hunting sling     |       |    19 ||    19
Throw: Boomerang         |       |     4 ||     4
  Use: Scroll            |       |     2 ||     2
Armor: Leather armour    |     1 |    17 ||    18
       Ring mail         |       |     4 ||     4
Dodge: Dodged            |    11 |    66 ||    77
